[Event "8. Arber-Schachopen 2019"]
[Site "Bodenmais"]
[Date "2019.07.29"]
[Round "3.20"]
[White "Jergler, Karl-Heinz"]
[Black "Uneken, Bert"]
[Result "1/2-1/2"]
[ECO "C17"]
[WhiteElo "2094"]
[BlackElo "1860"]
[Annotator "NA"]
[PlyCount "106"]
[EventDate "2019.07.27"]
[EventCountry "GER"]
[SourceTitle "playchess.com"]
[Source "ChessBase"]
[SourceQuality "1"]
[TimeControl "40/5400+30:1800+30"]

1. e4 e6 2. d4 d5 3. Nc3 Bb4 4. e5 c5 5. Bd2 Bxc3 6. Bxc3 Ne7 7. Nf3 Nbc6 8. dxc5 Nf5 9. Bb5 Bd7 10. Bxc6 Bxc6 11. O-O d4 12. Nxd4 Nxd4 13. Qxd4 Qg5 14. f3 h5 15. Rad1 O-O 16. Qf2 Rad8 17. Rd6 h4 18. Rfd1 Bd5 19. Qd2 Qg6 20. Qd3 Qg5 21. Kf2 Qf4 22. Rxd8 Rxd8 23. Qe3 Qxh2 24. Qg5 Rc8 25. Bd4 b6 26. b4 bxc5 27. bxc5 Bxa2 28. Be3 h3 29. Rd8+ Rxd8 30. Qxd8+ Kh7 31. Qh4+ Kg8 32. Qxh3 Qxh3 33. gxh3 Bd5 34. f4 a5 35. Bd2 a4 36. Bb4 Bc6 37. Ke3 Kf8 38. Kd4 Ke7 39. Ba3 Kd7 40. Kc4 Be4 41. Kb5 Bxc2 42. c6+ Kc7 43. Bd6+ Kc8 44. Kb6 Be4 45. Bb4 g6 46. Kc5 Kc7 47. Ba5+ Kc8 48. Kd6 a3 49. Bc3 a2 50. h4 Bf5 51. Ba1 Be4 52. c7 Bf5 53. Bb2 Be4 1/2-1/2

[Event "8. Arber-Schachopen 2019"]
[Site "Bodenmais"]
[Date "2019.07.29"]
[Round "3.21"]
[White "Kottmair, Toni"]
[Black "Albrecht, Manuel"]
[Result "1-0"]
[ECO "C54"]
[WhiteElo "2086"]
[BlackElo "1833"]
[Annotator "NA"]
[PlyCount "51"]
[EventDate "2019.07.27"]
[EventCountry "GER"]
[SourceTitle "playchess.com"]
[Source "ChessBase"]
[SourceQuality "1"]
[TimeControl "40/5400+30:1800+30"]

1. e4 e5 2. Nf3 Nc6 3. Bc4 Bc5 4. c3 Nf6 5. d3 O-O 6. b4 Be7 7. Bg5 d6 8. Nbd2 h6 9. Bh4 Kh8 10. Bxf6 Bxf6 11. Nf1 Be6 12. Ne3 Ne7 13. Qb3 Bxc4 14. dxc4 b6 15. O-O g6 16. Rad1 c5 17. Ng4 Bg7 18. Ngxe5 f5 19. Rfe1 Qc7 20. Nd3 cxb4 21. cxb4 fxe4 22. Rxe4 Nc6 23. Nf4 d5 24. Nxg6+ Kg8 25. cxd5 Rxf3 26. Qxf3 1-0

[Event "8. Arber-Schachopen 2019"]
[Site "Bodenmais"]
[Date "2019.07.29"]
[Round "3.22"]
[White "Schreib, Marc"]
[Black "Schwenkreis, Thomas"]
[Result "0-1"]
[ECO "A46"]
[WhiteElo "1839"]
[BlackElo "2048"]
[Annotator "NA"]
[PlyCount "66"]
[EventDate "2019.07.27"]
[EventCountry "GER"]
[SourceTitle "playchess.com"]
[Source "ChessBase"]
[SourceQuality "1"]
[TimeControl "40/5400+30:1800+30"]

1. d4 Nf6 2. Nf3 d6 3. Bg5 Nbd7 4. Nbd2 h6 5. Bh4 g5 6. Bg3 Nh5 7. e4 Nxg3 8. hxg3 Bg7 9. c3 c5 10. dxc5 Nxc5 11. Bb5+ Bd7 12. Bxd7+ Qxd7 13. Qe2 a5 14. Nd4 e6 15. Qb5 a4 16. Ke2 O-O 17. Qxd7 Nxd7 18. a3 Nc5 19. g4 Rfd8 20. Rhd1 d5 21. Ke3 Ra6 22. exd5 Rxd5 23. N2f3 Rad6 24. c4 Bxd4+ 25. Rxd4 Rxd4 26. Nxd4 Kg7 27. Rd1 Kg6 28. Rd2 f5 29. gxf5+ exf5 30. f4 Rd7 31. g3 g4 32. Rg2 h5 33. Rh2 Re7+ 0-1

[Event "8. Arber-Schachopen 2019"]
[Site "Bodenmais"]
[Date "2019.07.29"]
[Round "3.23"]
[White "Titz, Heimo"]
[Black "Navarro Gevers, Daniel"]
[Result "0-1"]
[ECO "A35"]
[WhiteElo "2048"]
[BlackElo "1813"]
[Annotator "NA"]
[PlyCount "102"]
[EventDate "2019.07.27"]
[EventCountry "GER"]
[SourceTitle "playchess.com"]
[Source "ChessBase"]
[SourceQuality "1"]
[TimeControl "40/5400+30:1800+30"]

1. c4 c5 2. Nc3 Nc6 3. Nf3 g6 4. e3 e6 5. d4 cxd4 6. exd4 d5 7. c5 a6 8. Be2 Bg7 9. Na4 Nge7 10. Nb6 Ra7 11. b3 O-O 12. O-O Nf5 13. Bb2 Qf6 14. Ne5 Rd8 15. f4 Ne3 16. Qd3 Nxf1 17. Rxf1 Qe7 18. Bc1 Nxe5 19. fxe5 Bd7 20. Qe3 Bb5 21. a4 Bxe2 22. Qxe2 a5 23. Bd2 f6 24. Bf4 Rf8 25. exf6 Qxf6 26. Be3 Qxf1+ 27. Qxf1 Rxf1+ 28. Kxf1 Bf6 29. Ke2 Ra6 30. Kd3 Kf7 31. Bd2 Ke8 32. b4 axb4 33. Bxb4 Bd8 34. a5 Bxb6 35. cxb6 Kd7 36. Ke3 Kc6 37. Kf4 Kb5 38. Bd2 Rxa5 39. Bxa5 Kxa5 40. Ke5 Kxb6 41. g4 Kc6 42. g5 b5 43. Kf6 b4 44. Kg7 b3 45. Kxh7 b2 46. Kxg6 b1=Q+ 47. Kg7 Qg1 48. g6 Qxd4+ 49. Kf7 Kd6 50. g7 Qf4+ 51. Kg6 Qxh2 0-1

[Event "8. Arber-Schachopen 2019"]
[Site "Bodenmais"]
[Date "2019.07.29"]
[Round "3.24"]
[White "Simacek, Vaclav"]
[Black "Neiss, Josef Martin"]
[Result "1/2-1/2"]
[ECO "B15"]
[WhiteElo "1809"]
[BlackElo "2041"]
[Annotator "NA"]
[PlyCount "93"]
[EventDate "2019.07.27"]
[EventCountry "GER"]
[SourceTitle "playchess.com"]
[Source "ChessBase"]
[SourceQuality "1"]
[TimeControl "40/5400+30:1800+30"]

1. e4 c6 2. d4 d5 3. Nc3 dxe4 4. Nxe4 Nf6 5. Nxf6+ exf6 6. Nf3 Bd6 7. Bd3 O-O 8. O-O Bg4 9. h3 Bh5 10. Bf5 Nd7 11. Qd3 Bg6 12. Nh4 Qc7 13. c4 Rad8 14. Qf3 c5 15. Nxg6 hxg6 16. Bxd7 Qxd7 17. d5 Rfe8 18. Be3 f5 19. b3 Re4 20. Rae1 Rde8 21. Bd2 Qe7 22. g3 Qf6 23. Bc3 Qg5 24. h4 Qd8 25. Rxe4 Rxe4 26. Re1 Rxe1+ 27. Bxe1 f4 28. Bc3 fxg3 29. fxg3 Qd7 30. Kg2 b5 31. cxb5 Qxb5 32. Be1 c4 33. Bf2 a5 34. bxc4 Qxc4 35. Qb3 Qe4+ 36. Qf3 Qc2 37. Qb3 Qd2 38. Kf3 a4 39. Qxa4 Qxd5+ 40. Ke2 g5 41. hxg5 Qxg5 42. Qe8+ Bf8 43. a4 Qd5 44. Qb5 Qe4+ 45. Kf1 Qh1+ 46. Ke2 Qe4+ 47. Kd1 1/2-1/2

[Event "8. Arber-Schachopen 2019"]
[Site "Bodenmais"]
[Date "2019.07.29"]
[Round "3.25"]
[White "Palmi, Herbert"]
[Black "Mittermaier, Johann"]
[Result "1-0"]
[ECO "A13"]
[WhiteElo "2056"]
[BlackElo "1842"]
[Annotator "NA"]
[PlyCount "83"]
[EventDate "2019.07.27"]
[EventCountry "GER"]
[SourceTitle "playchess.com"]
[Source "ChessBase"]
[SourceQuality "1"]
[TimeControl "40/5400+30:1800+30"]

1. c4 e6 2. g3 d5 3. Bg2 Nf6 4. Nf3 c5 5. cxd5 Nxd5 6. Nc3 Nxc3 7. bxc3 Nc6 8. Rb1 Be7 9. O-O O-O 10. d4 Qa5 11. Qb3 Qa6 12. e3 c4 13. Qc2 Rb8 14. e4 Bd6 15. e5 Be7 16. Ng5 Bxg5 17. Bxg5 h6 18. Bd2 Ne7 19. Rfe1 Bd7 20. Re4 Bc6 21. Rh4 Bxg2 22. Kxg2 Qc6+ 23. f3 Ng6 24. Rg4 h5 25. Rg5 h4 26. Rh5 f5 27. Bc1 Kf7 28. Ba3 Rh8 29. Rxh8 Rxh8 30. Qb2 b6 31. Qb5 Qxb5 32. Rxb5 hxg3 33. hxg3 Ne7 34. Bxe7 Kxe7 35. Rb4 Rc8 36. a4 Kd7 37. Kf2 Rc6 38. Ke3 g5 39. g4 f4+ 40. Ke4 a6 41. Rb1 Rc8 42. Rxb6 1-0

[Event "8. Arber-Schachopen 2019"]
[Site "Bodenmais"]
[Date "2019.07.29"]
[Round "3.26"]
[White "Bergmann, Reiner"]
[Black "Kolb, Wolfgang"]
[Result "0-1"]
[ECO "B01"]
[WhiteElo "1823"]
[BlackElo "2099"]
[Annotator "NA"]
[PlyCount "122"]
[EventDate "2019.07.27"]
[EventCountry "GER"]
[SourceTitle "playchess.com"]
[Source "ChessBase"]
[SourceQuality "1"]
[TimeControl "40/5400+30:1800+30"]

1. e4 d5 2. exd5 Qxd5 3. Nc3 Qd6 4. b3 Nf6 5. Bb2 a6 6. h3 Nc6 7. Nf3 Bf5 8. d3 h6 9. Qd2 e6 10. O-O-O O-O-O 11. g4 Bh7 12. Bg2 Nd4 13. Nxd4 Qxd4 14. Nd5 Ba3 15. c3 Bxb2+ 16. Kxb2 Qxd3 17. Qxd3 Bxd3 18. Rxd3 Nxd5 19. Rhd1 c6 20. Bxd5 Rxd5 21. Rxd5 exd5 22. Kc2 Re8 23. Kd3 Kc7 24. h4 g6 25. f3 c5 26. a4 b6 27. Rf1 Kd6 28. Rd1 Re5 29. Rf1 Re7 30. Rd1 Rc7 31. Rb1 Ke5 32. Re1+ Kf4 33. Re3 Rd7 34. Ke2 Kg3 35. h5 gxh5 36. gxh5 Rd6 37. f4+ Kxf4 38. Rf3+ Kg4 39. Rxf7 Kxh5 40. a5 bxa5 41. Rc7 Kg4 42. Rxc5 h5 43. Kf2 h4 44. Rxa5 Rf6+ 45. Kg1 Rc6 46. c4 dxc4 47. bxc4 Kf3 48. Kh2 Ke3 49. Kh3 Kd3 50. c5 Kc4 51. Kxh4 Kb4 52. Ra1 a5 53. Kg3 Rxc5 54. Kf3 a4 55. Ke3 Rd5 56. Rb1+ Kc3 57. Rc1+ Kb2 58. Rc8 a3 59. Rb8+ Kc3 60. Rc8+ Kb4 61. Ke4 Ra5 0-1

[Event "8. Arber-Schachopen 2019"]
[Site "Bodenmais"]
[Date "2019.07.30"]
[Round "4.2"]
[White "Poetz, Florian"]
[Black "Mirzoev, Emil"]
[Result "1/2-1/2"]
[ECO "B60"]
[WhiteElo "2389"]
[BlackElo "2493"]
[Annotator "ChessBase"]
[PlyCount "36"]
[EventDate "2019.07.27"]
[EventCountry "GER"]
[SourceTitle "playchess.com"]
[Source "ChessBase"]
[SourceQuality "1"]
[TimeControl "40/5400+30:1800+30"]

1. e4 c5 2. Nf3 Nc6 3. Nc3 d6 4. d4 cxd4 5. Nxd4 Nf6 6. Bg5 Bd7 7. Nb3 h6 8. Bxf6 gxf6 9. Qh5 Qc8 10. f4 f5 11. Bc4 Nd8 12. Bd3 Bg7 13. exf5 Bxc3+ 14. bxc3 Qxc3+ 15. Kf2 Nc6 16. Rhe1 O-O-O 17. Kg1 Qf6 18. Be4 e6 1/2-1/2

[Event "8. Arber-Schachopen 2019"]
[Site "Bodenmais"]
[Date "2019.07.30"]
[Round "4.3"]
[White "Pap, Misa"]
[Black "Hausner, Ivan"]
[Result "0-1"]
[ECO "B22"]
[WhiteElo "2461"]
[BlackElo "2370"]
[Annotator "ChessBase"]
[PlyCount "94"]
[EventDate "2019.07.27"]
[EventCountry "GER"]
[SourceTitle "playchess.com"]
[Source "ChessBase"]
[SourceQuality "1"]
[TimeControl "40/5400+30:1800+30"]

1. e4 c5 2. c3 d5 3. exd5 Qxd5 4. Nf3 Nf6 5. Na3 e6 6. Bc4 Qd8 7. O-O Be7 8. Nc2 Nc6 9. Qe2 O-O 10. Rd1 b6 11. d4 Qc7 12. dxc5 bxc5 13. Na3 Bb7 14. Ba6 Rad8 15. Rxd8 Rxd8 16. Bxb7 Qxb7 17. Bf4 h6 18. Ne5 Nd5 19. Qb5 Qxb5 20. Nxb5 Nxe5 21. Bxe5 Rd7 22. Rd1 f6 23. Bg3 Rb7 24. c4 Nb4 25. Nc3 Kf7 26. Kf1 Ke8 27. Nb5 a6 28. Nc7+ Kf7 29. a3 Nc6 30. Rd2 Na5 31. Rc2 Rb6 32. f3 Rc6 33. Ke2 Nb3 34. Rc3 Nd4+ 35. Kd3 Bd8 36. Nxa6 Rxa6 37. b4 Nf5 38. b5 Ra8 39. Bf2 Bb6 40. Kc2 e5 41. Rd3 Nd4+ 42. Kb2 Ra4 43. Rc3 Ke6 44. Rc1 Kd6 45. h4 h5 46. Bxd4 exd4 47. Kb3 Ra7 0-1

[Event "8. Arber-Schachopen 2019"]
[Site "Bodenmais"]
[Date "2019.07.30"]
[Round "4.4"]
[White "Hopman, Pieter"]
[Black "Milov, Leonid"]
[Result "0-1"]
[ECO "B48"]
[WhiteElo "2347"]
[BlackElo "2472"]
[Annotator "ChessBase"]
[PlyCount "88"]
[EventDate "2019.07.27"]
[EventCountry "GER"]
[SourceTitle "playchess.com"]
[Source "ChessBase"]
[SourceQuality "1"]
[TimeControl "40/5400+30:1800+30"]

1. e4 c5 2. Nc3 Nc6 3. Nf3 e6 4. d4 cxd4 5. Nxd4 Qc7 6. Be3 a6 7. Qf3 Nf6 8. O-O-O Be7 9. Be2 O-O 10. Nxc6 bxc6 11. Qg3 d6 12. h4 Kh8 13. h5 h6 14. f3 Rb8 15. b3 e5 16. Bc4 Qa5 17. Qe1 d5 18. exd5 Bb4 19. Bd2 cxd5 20. Bd3 Re8 21. Rh4 e4 22. fxe4 Bg4 23. Rxg4 Nxg4 24. Nxd5 Bxd2+ 25. Qxd2 Qxa2 26. Qc3 Rec8 27. Bc4 Qa3+ 28. Kb1 Qc5 29. Ka2 Re8 30. Rd4 a5 31. Nf4 Ne5 32. g3 Rbd8 33. Nd5 Nc6 34. Rd2 Rxe4 35. Nf4 Red4 36. Re2 Nb4+ 37. Kb2 Qf5 38. Qe3 Qf6 39. c3 Rd1 40. Rf2 Qf5 41. cxb4 Qb1+ 42. Ka3 Qa1+ 43. Ra2 axb4+ 44. Kxb4 Qxa2 0-1

[Event "8. Arber-Schachopen 2019"]
[Site "Bodenmais"]
[Date "2019.07.30"]
[Round "4.5"]
[White "Peng, Li Min"]
[Black "Pohl-Kuemmel, Jens-Uwe"]
[Result "1-0"]
[ECO "B00"]
[WhiteElo "2466"]
[BlackElo "2288"]
[Annotator "ChessBase"]
[PlyCount "89"]
[EventDate "2019.07.27"]
[EventCountry "GER"]
[SourceTitle "playchess.com"]
[Source "ChessBase"]
[SourceQuality "1"]
[TimeControl "40/5400+30:1800+30"]

1. e4 d6 2. d4 g6 3. Bc4 Bg7 4. Nf3 Nf6 5. Qe2 O-O 6. O-O c6 7. e5 Nd5 8. h3 a5 9. a4 Na6 10. Nbd2 Nac7 11. Ne4 Kh8 12. Bd2 f6 13. Rad1 Be6 14. Bb3 b5 15. Ra1 b4 16. Rfe1 Qd7 17. Rad1 Bg8 18. Qd3 Ne6 19. exd6 exd6 20. c4 bxc3 21. bxc3 Nef4 22. Qc2 Rab8 23. Rb1 f5 24. Ng3 Ne6 25. Nf1 Nec7 26. Rb2 Rb6 27. Reb1 Rfb8 28. Ne3 Nxe3 29. Bxe3 Nd5 30. Bxd5 Rxb2 31. Rxb2 Rxb2 32. Qxb2 Bxd5 33. Qb8+ Bg8 34. Bf4 c5 35. Bxd6 cxd4 36. Ne5 Qe6 37. cxd4 Bf6 38. Nf3 h6 39. Be5 Kg7 40. Qc7+ Bf7 41. Qxa5 Bxe5 42. Nxe5 Be8 43. Qc7+ Kf6 44. a5 g5 45. Qh7 1-0

[Event "8. Arber-Schachopen 2019"]
[Site "Bodenmais"]
[Date "2019.07.30"]
[Round "4.6"]
[White "Kneutgen, Alexander"]
[Black "Bensch, Patrick"]
[Result "1/2-1/2"]
[ECO "A05"]
[WhiteElo "1920"]
[BlackElo "2197"]
[Annotator "NA"]
[PlyCount "88"]
[EventDate "2019.07.27"]
[EventCountry "GER"]
[SourceTitle "playchess.com"]
[Source "ChessBase"]
[SourceQuality "1"]
[TimeControl "40/5400+30:1800+30"]

1. Nf3 Nf6 2. g3 g6 3. Bg2 Bg7 4. O-O d5 5. d3 O-O 6. Nbd2 c5 7. e4 Nc6 8. c3 e5 9. a3 {[%emt 0:04:11] A08: King's Indian Attack} (9. Re1 d4 10. Nc4 Re8 11. a4 Bf8 12. Bd2 Nd7 13. cxd4 cxd4 14. a5 Qf6 15. Rf1 Rb8 16. Ne1 b5 17. axb6 Nxb6 {½-½ (48) Maghsoodloo,P (2636)-Jumabayev,R (2594) Hamedan 2018}) 9... b6 10. Re1 Bb7 $146 ({Predecessor:} 10... a5 11. exd5 Nxd5 12. c4 Nc7 13. Qe2 Bf5 14. Ne4 Qd7 15. Be3 Rad8 16. Rad1 Bg4 17. Qf1 {0-1 (38) Balbalosa,J (1768)-Klasan,V (2401) Baku 2016}) 11. Qe2 Re8 12. exd5 Nxd5 13. Nc4 b5 14. Ne3 Nf4 15. gxf4 exf4 16. Qf1 fxe3 17. Bxe3 Ne5 18. Nxe5 Bxg2 19. Qxg2 Rxe5 20. d4 cxd4 21. Bxd4 Rg5 22. Re8+ Qxe8 23. Qxg5 h6 24. Qe3 Bxd4 25. cxd4 Rd8 26. Qxe8+ Rxe8 27. Rc1 Re2 28. Rc7 a5 29. b3 Rb2 $15 30. Ra7 Rxb3 31. Rxa5 Kg7 32. Kg2 Kf6 33. a4 bxa4 34. Rxa4 Rd3 35. h4 h5 36. f3 Ke6 37. Kg3 Kd5 38. Ra7 Ke6 39. Ra6+ Kd5 40. Ra7 Rxd4 41. Rxf7 Ke5 42. Re7+ Kf5 43. Rf7+ Ke5 44. Re7+ Kf5 1/2-1/2

[Event "8. Arber-Schachopen 2019"]
[Site "Bodenmais"]
[Date "2019.07.30"]
[Round "4.7"]
[White "Schleining, Zoya"]
[Black "Rotstein, Arkadij"]
[Result "1/2-1/2"]
[ECO "B06"]
[WhiteElo "2339"]
[BlackElo "2471"]
[Annotator "ChessBase"]
[PlyCount "158"]
[EventDate "2019.07.27"]
[EventCountry "GER"]
[SourceTitle "playchess.com"]
[Source "ChessBase"]
[SourceQuality "1"]
[TimeControl "40/5400+30:1800+30"]

1. d4 g6 2. e4 Bg7 3. Nc3 c6 4. h3 d5 5. Nf3 dxe4 6. Nxe4 Nd7 7. Bc4 Ngf6 8. Nxf6+ Nxf6 9. O-O O-O 10. Re1 Qc7 11. Qe2 e6 12. a4 b6 13. Ne5 Nd5 14. Bxd5 cxd5 15. Bf4 Qb7 16. Ng4 h5 17. Ne5 Kh7 18. Ra3 Qe7 19. Rf3 Bd7 20. g4 h4 21. Bg5 Qxg5 22. Nxd7 Bxd4 23. Nxf8+ Rxf8 24. c3 Bg7 25. Qe3 Qe7 26. Qd3 Qc7 27. Qd2 Kg8 28. Qg5 Qc6 29. Qxh4 d4 30. Qg3 dxc3 31. bxc3 Qxa4 32. Qc7 b5 33. Ree3 a5 34. Rd3 e5 35. Rd8 Qa2 36. Rxf8+ Bxf8 37. Qxe5 a4 38. Qxb5 a3 39. c4 Qa1+ 40. Kg2 a2 41. Qb8 Qg7 42. Ra3 a1=Q 43. Rxa1 Qxa1 44. Qf4 Bc5 45. h4 Qd4 46. Qxd4 Bxd4 47. f4 Kf8 48. Kf3 Ke7 49. Ke4 Bf2 50. h5 gxh5 51. gxh5 Ke6 52. f5+ Kf6 53. h6 Bc5 54. Kd5 Be3 55. h7 Kg7 56. c5 Kxh7 57. Kd6 Kg7 58. c6 Kf6 59. Kd7 Bf4 60. Ke8 Bd6 61. Kd7 Bf4 62. Ke8 Bg3 63. Kf8 Bf4 64. Ke8 Bd6 65. Kd7 Bh2 66. Ke8 Bb8 67. Kf8 Bd6+ 68. Ke8 Bc7 69. Kd7 Bb6 70. Ke8 Ba5 71. Kf8 Bb6 72. Ke8 Kg7 73. Kd7 Ba5 74. Ke8 Bc7 75. Kd7 Be5 76. Ke8 Kf6 77. Kf8 Bb8 78. Ke8 Bd6 79. Kd7 Be5 1/2-1/2

[Event "8. Arber-Schachopen 2019"]
[Site "Bodenmais"]
[Date "2019.07.30"]
[Round "4.8"]
[White "Hoffmann, Michael"]
[Black "Hoffmann, Tim"]
[Result "1-0"]
[ECO "A29"]
[WhiteElo "2438"]
[BlackElo "2147"]
[Annotator "ChessBase"]
[PlyCount "109"]
[EventDate "2019.07.27"]
[EventCountry "GER"]
[SourceTitle "playchess.com"]
[Source "ChessBase"]
[SourceQuality "1"]
[TimeControl "40/5400+30:1800+30"]

1. c4 e5 2. Nc3 Nf6 3. Nf3 Nc6 4. g3 d5 5. cxd5 Nxd5 6. Bg2 Nb6 7. O-O Be7 8. a3 O-O 9. b4 a6 10. d3 Be6 11. Bb2 f5 12. Rc1 Bf6 13. Nd2 Bg5 14. Rb1 Nd5 15. Nxd5 Bxd5 16. e4 fxe4 17. Nxe4 Be7 18. Rc1 Kh8 19. Qg4 Qc8 20. Qxc8 Raxc8 21. Nd6 cxd6 22. Bxd5 Bd8 23. Rc2 Bb6 24. Rfc1 a5 25. bxa5 Bc5 26. Rxc5 dxc5 27. Rxc5 Ra8 28. Bxc6 bxc6 29. Bxe5 Rfd8 30. Rxc6 Rxa5 31. d4 Rda8 32. Rc7 R5a7 33. Bxg7+ Kg8 34. Be5 Rxc7 35. Bxc7 Rxa3 36. Bf4 Kf7 37. Kg2 Ke6 38. Be3 Kd5 39. Kf3 Ra6 40. Kf4 Rc6 41. Kf5 Rc8 42. h4 Rf8+ 43. Kg5 Ke4 44. Kh6 Rf7 45. g4 Kf3 46. g5 Kg4 47. h5 Kf5 48. d5 Rd7 49. Bc1 Ra7 50. d6 Rd7 51. Ba3 Ra7 52. Bc5 Rf7 53. g6 hxg6 54. hxg6 Rf6 55. d7 1-0

[Event "8. Arber-Schachopen 2019"]
[Site "Bodenmais"]
[Date "2019.07.30"]
[Round "4.9"]
[White "Sergeev, Vladimir"]
[Black "Schelle, Artur"]
[Result "1/2-1/2"]
[ECO "B06"]
[WhiteElo "2415"]
[BlackElo "2176"]
[Annotator "ChessBase"]
[PlyCount "108"]
[EventDate "2019.07.27"]
[EventCountry "GER"]
[SourceTitle "playchess.com"]
[Source "ChessBase"]
[SourceQuality "1"]
[TimeControl "40/5400+30:1800+30"]

1. e4 g6 2. d4 Bg7 3. c3 d6 4. Bg5 Nf6 5. Nd2 h6 6. Bh4 Nbd7 7. Bd3 O-O 8. Ngf3 e5 9. O-O Qe8 10. Re1 Nh5 11. Nc4 Nf4 12. Bf1 Nb6 13. Ne3 Bd7 14. dxe5 dxe5 15. Nd2 Ne6 16. Qc2 Bb5 17. f3 a5 18. Bxb5 Qxb5 19. a4 Qc6 20. Red1 Qc5 21. Bf2 Qe7 22. Ndc4 Nxc4 23. Nxc4 Rfd8 24. Rxd8+ Qxd8 25. Rd1 Qe7 26. Rd2 b6 27. Ne3 Rf8 28. b4 axb4 29. Nd5 Qe8 30. cxb4 f5 31. b5 Qf7 32. h3 Rd8 33. Be3 Rd7 34. Nb4 Rxd2 35. Qxd2 fxe4 36. fxe4 Kh7 37. Qd5 Qf6 38. Qc6 Qf7 39. Qc4 Bf8 40. Nd3 Bg7 41. Bf2 Qe7 42. Kh2 Nf4 43. Nb4 Bf8 44. Nd5 Nxd5 45. exd5 Qf7 46. Bg3 Bd6 47. Qc6 Qe7 48. Kg1 h5 49. h4 Bc5+ 50. Kh2 Bd6 51. Kg1 Bc5+ 52. Kh2 Bd6 53. Kh1 e4 54. Bxd6 Qxh4+ 1/2-1/2

[Event "8. Arber-Schachopen 2019"]
[Site "Bodenmais"]
[Date "2019.07.30"]
[Round "4.10"]
[White "Villani, Cristian"]
[Black "Woelk, Tom-Frederic"]
[Result "0-1"]
[ECO "A43"]
[WhiteElo "2017"]
[BlackElo "2229"]
[Annotator "NA"]
[PlyCount "56"]
[EventDate "2019.07.27"]
[EventCountry "GER"]
[SourceTitle "playchess.com"]
[Source "ChessBase"]
[SourceQuality "1"]
[TimeControl "40/5400+30:1800+30"]

1. d4 Nf6 2. Nf3 c5 3. d5 d6 4. Nc3 g6 5. e4 Bg7 6. Be2 O-O 7. O-O Bg4 8. Nd2 Bxe2 9. Qxe2 Re8 10. Nc4 e6 11. Qf3 exd5 12. exd5 Nfd7 13. Bf4 Ne5 14. Nxe5 dxe5 15. Be3 Na6 16. Rfd1 f5 17. Qe2 e4 18. Qd2 Qd7 19. Bh6 Bh8 20. Rab1 Nc7 21. Ne2 Nb5 22. Nf4 b6 23. c3 Nd6 24. Ne6 Nc4 25. Qe2 Ne5 26. Bf4 Nd3 27. Rxd3 exd3 28. Qxd3 Rxe6 0-1

[Event "8. Arber-Schachopen 2019"]
[Site "Bodenmais"]
[Date "2019.07.30"]
[Round "4.11"]
[White "Schleich, Theodor"]
[Black "Vuckovic, Zarko"]
[Result "0-1"]
[ECO "C02"]
[WhiteElo "2000"]
[BlackElo "2214"]
[Annotator "ChessBase"]
[PlyCount "114"]
[EventDate "2019.07.27"]
[EventCountry "GER"]
[SourceTitle "playchess.com"]
[Source "ChessBase"]
[SourceQuality "1"]
[TimeControl "40/5400+30:1800+30"]

1. d4 e6 2. e4 d5 3. e5 c5 4. c3 Qb6 5. Nf3 Bd7 6. Be2 Bb5 7. O-O Bxe2 8. Qxe2 cxd4 9. cxd4 Nc6 10. Nc3 a6 11. Be3 Nge7 12. Na4 Qb5 13. Qxb5 axb5 14. Nc3 Ra5 15. a3 Na7 16. b4 Ra6 17. a4 Nec8 18. Nxb5 Nxb5 19. axb5 Rxa1 20. Rxa1 Kd7 21. Bd2 Be7 22. Ne1 b6 23. Nc2 Kc7 24. Kf1 Kb7 25. Ke2 Na7 26. Na3 Ra8 27. Rc1 Nc8 28. Ra1 Ra4 29. Nc2 Rxa1 30. Nxa1 Na7 31. Kd3 Nxb5 32. Nc2 Kc6 33. f4 Nc7 34. Kc3 Nb5+ 35. Kd3 f5 36. g3 Kd7 37. Ke2 Nc7 38. Kd3 h6 39. h4 g6 40. Kc3 Nb5+ 41. Kb3 Na7 42. Ne1 Nc6 43. Nf3 b5 44. Bc3 Ke8 45. Ne1 g5 46. hxg5 hxg5 47. Nc2 Kf7 48. Na3 Na7 49. Kc2 Kg6 50. Kd3 Kh5 51. Ke3 Kg4 52. Be1 gxf4+ 53. gxf4 Bf8 54. Nc2 Bh6 55. Na1 Bxf4+ 56. Kd3 Bh6 57. Nb3 Bf8 0-1

[Event "8. Arber-Schachopen 2019"]
[Site "Bodenmais"]
[Date "2019.07.30"]
[Round "4.12"]
[White "Senner, Peter"]
[Black "Brandsma, Romayn"]
[Result "1/2-1/2"]
[ECO "C24"]
[WhiteElo "2231"]
[BlackElo "1957"]
[Annotator "ChessBase"]
[PlyCount "67"]
[EventDate "2019.07.27"]
[EventCountry "GER"]
[SourceTitle "playchess.com"]
[Source "ChessBase"]
[SourceQuality "1"]
[TimeControl "40/5400+30:1800+30"]

1. e4 e5 2. f4 exf4 3. Bc4 Nf6 4. Nc3 c6 5. Qf3 Bc5 6. Nge2 O-O 7. d4 d5 8. exd5 Bg4 9. Qxf4 Bd6 10. Qf2 cxd5 11. Bd3 Nbd7 12. O-O Bh5 13. Bg5 Qc7 14. Qh4 Bg6 15. Bxg6 fxg6 16. Rf3 Rae8 17. Rh3 Nb6 18. Rf1 Nh5 19. Rhf3 Rxf3 20. Rxf3 Be7 21. Re3 Bxg5 22. Rxe8+ Kf7 23. Qxg5 Kxe8 24. Nxd5 Nxd5 25. Qxd5 Qxc2 26. Qe5+ Kf7 27. d5 Qb1+ 28. Kf2 Qf5+ 29. Qxf5+ gxf5 30. Ke3 Ke7 31. Kd4 Kd6 32. Kc4 Nf6 33. Nd4 Ke5 34. Nf3+ 1/2-1/2

[Event "8. Arber-Schachopen 2019"]
[Site "Bodenmais"]
[Date "2019.07.30"]
[Round "4.13"]
[White "Fruehe, Norbert"]
[Black "Kleibel, Uwe"]
[Result "1/2-1/2"]
[ECO "B21"]
[WhiteElo "1936"]
[BlackElo "2217"]
[Annotator "ChessBase"]
[PlyCount "150"]
[EventDate "2019.07.27"]
[EventCountry "GER"]
[SourceTitle "playchess.com"]
[Source "ChessBase"]
[SourceQuality "1"]
[TimeControl "40/5400+30:1800+30"]

1. e4 c5 2. d4 cxd4 3. c3 dxc3 4. Nxc3 Nc6 5. Bc4 e6 6. Nf3 Nge7 7. O-O Ng6 8. Qe2 Be7 9. Rd1 a6 10. Be3 O-O 11. Rac1 b5 12. Bb3 Na5 13. Bc2 Nc4 14. Bb3 Na5 15. Bc2 Nc4 16. Bb3 Nxe3 17. Qxe3 Bb7 18. Rc2 Rc8 19. Rcd2 Bc5 20. Qe2 Rc7 21. Nd4 Qg5 22. Nf3 Qe7 23. Nd4 Qg5 24. Nf3 Qe7 25. Nd4 d6 26. Qg4 Re8 27. Nf3 Qf6 28. g3 Ne5 29. Nxe5 Qxe5 30. Bc2 Rec8 31. Bb1 Bb4 32. a3 Bxc3 33. bxc3 Rd8 34. f4 Qc5+ 35. Kf1 Qxa3 36. e5 Rxc3 37. Rd3 d5 38. Qh4 Rdc8 39. Qxh7+ Kf8 40. Qh8+ Ke7 41. Qxg7 Rxd3 42. Bxd3 Rc1 43. Be2 d4 44. Qf6+ Ke8 45. Qh8+ Kd7 46. Qg8 Rxd1+ 47. Bxd1 Qd3+ 48. Be2 Bg2+ 49. Ke1 Qc3+ 50. Kd1 Qa1+ 51. Kd2 Qb2+ 52. Kd1 Qb1+ 53. Kd2 Qb4+ 54. Kd1 Bd5 55. Qxf7+ Kd8 56. Qg8+ Kc7 57. Qh7+ Kb6 58. Qd3 Bb3+ 59. Kc1 Qc5+ 60. Kb2 Bc4 61. Qd2 a5 62. h4 a4 63. h5 a3+ 64. Kb1 a2+ 65. Ka1 d3 66. Bd1 Qd4+ 67. Qb2 Qg1 68. Qd2 Qxg3 69. h6 Qh4 70. Qe3+ Ka6 71. Qc5 Qe1 72. Qd6+ Kb7 73. Qd7+ Ka6 74. Qd6+ Ka5 75. Qa3+ Kb6 1/2-1/2